 Dungeon Crawl Stone Soup version 0.20.1-1-g8b1a95d (webtiles) character file.

194 Peloso the Covered (level 5, -6/49 HPs)
             Began as a Deep Dwarf Fighter on Aug 4, 2017.
             Was an Initiate of Okawaru.
             Mangled by an ogre
             ... wielding a +0 giant spiked club
              (10 damage)
             ... on level 4 of the Dungeon.
             The game lasted 00:07:11 (2674 turns).

Peloso the Covered (Deep Dwarf Fighter)             Turns: 2674, Time: 00:07:11

Health: -6/49      AC:  7    Str: 19 (21) XL:     5   Next: 44%
Magic:  3/3        EV:  7    Int:  5 (8)  God:    Okawaru [......]
Gold:   264        SH:  0    Dex:  9 (12) Spells: 4/4 levels left

rFire    . . .     SeeInvis .   a - +0 long sword
rCold    . . .     Gourm    .   c - +0 shield
rNeg     . . .     Faith    .   b - +0 scale mail
rPois    .         Spirit   .   (no helmet)
rElec    .         Reflect  .   (no cloak)
rCorr    .         Harm     .   (no gloves)
MR       .....                  (no boots)
Stlth    ..........             g - amulet of regeneration
Regen    0.0/turn               (no ring)
MPRegen  0.1/turn               (no ring)

@: confused, non-regenerating
A: damage resistance, heal wounds, sense surroundings 1, no regeneration
a: Heal Wounds, Renounce Religion


You were on level 4 of the Dungeon.
You worshipped Okawaru.
Okawaru was noncommittal.
You were not hungry.

You visited 1 branch of the dungeon, and saw 4 of its levels.

You collected 264 gold pieces.

Inventory:

Hand Weapons
 a - a +0 long sword (weapon)
Armour
 b - a +0 scale mail (worn)
 c - a +0 shield (worn)
Jewellery
 g - an amulet of regeneration (around neck)
Wands
 n - a wand of digging (14/24)
 r - a wand of lightning (9/15)
Scrolls
 e - a scroll of amnesia
 m - 8 scrolls of remove curse
Potions
 i - a potion of curing
 k - a potion of agility
 o - a potion of degeneration
Comestibles
 d - a chunk of flesh
 f - 3 bread rations
 h - 9 fruits
 j - 2 royal jellies
 l - 2 meat rations


   Skills:
 + Level 3.6 Fighting
 + Level 3.3 Long Blades
 + Level 4.7 Armour
 + Level 1.0 Dodging
 + Level 0.6 Stealth
 + Level 3.8 Shields


You had 4 spell levels left.
You didn't know any spells.

Dungeon Overview and Level Annotations

Branches:
Dungeon (4/15)
 Temple: D:4-7

Altars:
Dithmenos
Elyvilon
Kikubaaqudgha
Okawaru
Xom
Zin

Shops:
D:4 =

Annotations:
D:4 striepan's ghost, amateur SpEn


Innate Abilities, Weirdness & Mutations

You are resistant to damage.
You can heal yourself by infusing magical energy.
You passively map a small area around you.
You do not regenerate.


Message History

Striepan's ghost closely misses you.
The ogre hits you with a giant spiked club!!
* * * LOW HITPOINT WARNING * * *
Striepan's ghost closely misses you.
Unknown command.
You bump into the stone wall.
You float gracefully downwards.
The ogre barely misses you. Striepan's ghost barely misses you.
Unknown command.
You hit the ogre.
The ogre is lightly wounded.
You feel a little less agile now.
Striepan's ghost points at you and mumbles some strange words.
You resist with some effort.
The ogre hits you with a giant spiked club!
* * * LOW HITPOINT WARNING * * *
Your shield prevents you from hitting striepan's ghost.
Striepan's ghost points at you and mumbles some strange words.
You are more confused.
The ogre hits you with a giant spiked club!
You die...

.### #.....###.....##.#.#.......
...# #.##..###..##..#.#.#.......
##.####.###..#..###....#.#.......
##......(##.....##.$##.#.#...####
....#..................# #...#
###.#..##.........## ..#,#...#
#.#.####..._...## #..# #
#.#..##.........##...# ,, * #
#.#..........W@O.....# , #
#.##...##.....##..##.# * * #
#.##..###..#..###.##.
###.....##..###..##....
..'..##.....###......## *
###..######..#..##...# # #..#
#.....#*#### # #..# ####### * #
#..# ,


You could see an ogre and striepan's ghost.

Vanquished Creatures
  A hound (D:4)
  A centaur skeleton (D:4)
  2 howler monkey skeletons (D:4)
  4 adders
  An ooze (D:2)
  A dart slug (D:2)
  6 leopard geckos
  10 orcs
  A ball python (D:1)
  2 giant cockroaches (D:1)
  3 goblins
  4 hobgoblins
  2 jackals (D:3)
  6 kobolds
  3 quokkas
  5 bats
  2 frilled lizards
  7 rats
61 creatures vanquished.

Notes
Turn   | Place    | Note
-------+----------+-------------------------------------------
     0 | D:1      | Peloso the Deep Dwarf Fighter began the quest for the Orb.
     0 | D:1      | Reached XP level 1. HP: 20/20 MP: 1/1
   123 | D:1      | Reached XP level 2. HP: 21/27 MP: 2/2
   741 | D:2      | Reached XP level 3. HP: 20/34 MP: 3/3
   814 | D:2      | Reached skill level 4 in Armour
   873 | D:2      | Found a shimmering altar of Xom.
   965 | D:2      | Reached XP level 4. HP: 12/42 MP: 4/4
  1044 | D:2      | Found a glowing silver altar of Zin.
  1044 | D:2      | Noticed an angel
  1647 | D:3      | Found an ancient bone altar of Kikubaaqudgha.
  2020 | D:4      | Found Fumokya's Distillery.
  2051 | D:4      | Reached XP level 5. HP: 9/49 MP: 4/4
  2061 | D:4      | Found Zeupnim's Jewellery Emporium.
  2100 | D:4      | Found an iron altar of Okawaru.
  2111 | D:4      | Became a worshipper of Warmaster Okawaru
  2135 | D:4      | Noticed striepan's ghost (amateur SpEn)
  2144 | D:4      | Found a shadowy altar of Dithmenos.
  2293 | D:4      | Found a white marble altar of Elyvilon.
  2329 | D:4      | Reached skill level 1 in Dodging
  2662 | D:4      | Noticed an ogre
  2674 | D:4      | Mangled by an ogre

Skill      XL: |  1  2  3  4  5 |
---------------+----------------+-----
Fighting       | 3 |  3.6
Armour         | 4 |  4.7
Long Blades    | 3 |  3.3
Dodging        | 1 |  1.0
Stealth        | |  0.6
Shields        | |  3.8

Action                   |  1- 3 |  4- 6 || total
-------------------------+-------+-------++-------
Melee: Long sword        |   105 |   151 ||   256
 Abil: Heal Wounds       |       |     5 ||     5
  Use: Scroll            |       |     6 ||     6
       Potion            |       |     6 ||     6
  Eat: Chunk             |       |     6 ||     6
Armor: Scale mail        |    42 |    66 ||   108
Dodge: Dodged            |    29 |    61 ||    90
Block: Shield            |    59 |    64 ||   123
       Rpst.: Long sword |    16 |    12 ||    28
